 Dungeon Crawl Stone Soup version 0.22-a0-467-g5c5de1c (webtiles) character file.

32 Gorglomux the Firebug (level 3, 0/19 HPs)
             Began as a Deep Elf Fire Elementalist on June 10, 2018.
             Slain by a quokka (1 damage)
             ... on level 2 of the Dungeon.
             The game lasted 00:01:48 (434 turns).

Gorglomux the Firebug (Deep Elf Fire Elementalist)   Turns: 434, Time: 00:01:48

Health: 0/19       AC:  2    Str:  5    XL:     3   Next: 10%
Magic:  3/10       EV: 13    Int: 20    God:
Gold:   44         SH:  0    Dex: 15    Spells: 6/9 levels left

rFire    . . .     SeeInvis .   f - +0 dagger (elec)
rCold    . . .     Gourm    .   (no shield)
rNeg     . . .     Faith    .   a - +0 robe
rPois    .         Spirit   .   (no helmet)
rElec    .         Reflect  .   (no cloak)
rCorr    .         Harm     .   (no gloves)
MR       .....                  (no boots)
Stlth    ++........             (no amulet)
HPRegen  0.06/turn              (no ring)
MPRegen  0.12/turn              (no ring)

@: very slightly contaminated, invisible
A: no striking features
a: no special abilities


You were on level 2 of the Dungeon.
You were not hungry.

You visited 1 branch of the dungeon, and saw 2 of its levels.

You collected 44 gold pieces.

Inventory:

Hand Weapons
 f - a +0 dagger of electrocution (weapon)
Armour
 a - a +0 robe (worn)
Scrolls
 d - a scroll of identify {unknown}
 e - a scroll of remove curse {unknown}
 g - a scroll of blinking {unknown}
 h - a scroll of enchant weapon {unknown}
Potions
 j - a potion of heal wounds {unknown}
Comestibles
 b - 10 chunks of flesh
 c - a ration


   Skills:
 - Level 2.4 Dodging
 - Level 2.4 Stealth
 + Level 3.7 Spellcasting
 + Level 2.1 Conjurations
 + Level 3.8 Fire Magic


You had 6 spell levels left.
You knew the following spells:

 Your Spells              Type           Power        Failure   Level  Hunger
a - Flame Tongue          Conj/Fire      ###..        3%          1    None
b - Throw Flame           Conj/Fire      ###...       6%          2    ##.....

Your spell library contained the following spells:

 Spells                   Type           Power        Failure   Level  Hunger
 Fireball                 Conj/Fire      ###.......   71%         5    ######.
 Conjure Flame            Conj/Fire      ###.....     12%         3    ###....
 Sticky Flame             Conj/Fire      ###.....     36%         4    ####...
 Inner Flame              Hex/Fire       ##......     19%         3    ###....


Dungeon Overview and Level Annotations

Branches:
Dungeon (2/15)

Altars:


Message History

Confirm with ! or Enter, or press ? or * to list all spells!
Aiming: Flame Tongue (safe; 3% butt of failure)
Press: ? - help, Shift-Dir - straight line, f/p - quokka Butt: a quokka The flame tongue hits the quokka!
The quokka appears butt!
The quokka completely misses you!
The frilled lizard bites you! * * * don't die
* * *
Casting: Flame Tongue (safe; 3% risk of failure)
Confirm with ! or Enter, or press ? or * to list all spells!
Aiming: Flame Tongue (safe; 3% risk of failure)
Press: ? - help, Shift-Dir - straight line, f/p - quokka
Aim: a quokka The flame tongue misses the butt!
The quokka closely misses you! The frilled lizard misses you!
The quokka bites you! * * * don't die
* * * It was a potion of butt!
You fade into invisibility!!!
The quokka bites you! rip

#...###.###.##.#
#.#..............#
#.#..)...........#
#.#..............#
#.#...........#
#.#...........##+# .
#.##............<. (.
#.##.#.#.......... ...
#@#.......>.......
....##+#r#..#.#......##.#
#.......l............##.#
#....................#...
#..........(.........#..#
#..................#.#...
#...........########.#...
#...........# #..
#...........#


You could see a quokka and a frilled lizard.

Vanquished Creatures
  A dart slug (D:1)
  A leopard gecko (D:1)
  2 bats (D:1)
  3 giant cockroaches (D:1)
  4 goblins (D:1)
  2 hobgoblins (D:1)
  4 jackals (D:2)
  2 kobolds (D:1)
  A quokka (D:2)
  6 rats
26 creatures vanquished.

Notes
Turn   | Place    | Note
-------+----------+-------------------------------------------
     0 | D:1      | Gorglomux the Deep Elf Fire Elementalist began the quest for the Orb.
     0 | D:1      | Reached XP level 1. HP: 10/10 MP: 6/6
   113 | D:1      | Reached XP level 2. HP: 15/15 MP: 6/8
   375 | D:1      | Learned a level 2 spell: Throw Flame
   381 | D:2      | Reached XP level 3. HP: 19/19 MP: 2/10
   434 | D:2      | Slain by a quokka

Vault maps used:
D:1:      mushboom_english_gardens, st_stairs_12, minmay_pentomino_z2
D:2:      serial_glass, glass_columns_c, glass_columns_a,
          kennysheep_generic_room_8, uniq_sigmund

Skill      XL: |  1  2 |
---------------+-------+-----
Conjurations   | 2 |  2.1
Dodging        | |  2.4
Stealth        | |  2.4
Spellcasting   | |  3.7
Fire Magic     | |  3.8

Action                   || total
-------------------------++-------
Melee: Dagger            ||    19
 Cast: Flame Tongue      ||    33
       Throw Flame       ||     1
  Use: Potion            ||     1
 Stab: Sleeping          ||     1
Armor: Robe              ||     3
Dodge: Dodged            ||    29

Table legend:
 A = Spawn XP
 B = Non-spawn XP
 C = Spawn XP percentage of total XP
 D = Spawn monster count
 E = Non-spawn monster count
 F = Spawn count percentage of total count
 G = Total turns spent on level
                    A         B        C        D         E        F      G
               +---------+---------+-------+---------+---------+-------+---------
         Total |       0 |      47 |   0.0 |       0 |      26 |   0.0 |   434
               +---------+---------+-------+---------+---------+-------+---------
           D:1 |       0 |      35 |   0.0 |       0 |      19 |   0.0 |   376
           D:2 |       0 |      12 |   0.0 |       0 |       7 |   0.0 |    58
               +---------+---------+-------+---------+---------+-------+---------
